 Dungeon Crawl Stone Soup version 0.28.0-47-ge53b351184 (webtiles) character file.

Game seed: 17096129321129510429

146 seaoflcl the Covered (level 5, -4/42 HPs)
             Began as a Human Fighter on May 2, 2022.
             Slain by an orc
             ... wielding a +2 whip of electrocution
              (7 damage)
             ... on level 2 of the Dungeon.
             The game lasted 00:04:12 (3580 turns).

seaoflcl the Covered (Human Fighter)                Turns: 3580, Time: 00:04:12

Health: -4/42      AC:  8    Str: 19    XL:     5   Next: 53%
Magic:  5/5        EV:  9    Int:  8    God:
Gold:   194        SH:  5    Dex: 12    Spells: 4/4 levels left

rFire   . . .      SeeInvis .   a - +0 long sword
rCold   . . .      Faith    .   c - +0 buckler
rNeg    . . .      Spirit   .   b - +0 scale mail
rPois   .          Reflect  .   (no helmet)
rElec   .          Harm     .   (no cloak)
rCorr   .          Rampage  .   (no gloves)
Will    .....                   (no boots)
Stlth   ..........              (no amulet)
HPRegen 0.14/turn               (no ring)
MPRegen 0.09/turn               (no ring)

@: mighty
A: shaggy fur 1, MP-powered wands
a: no special abilities


You were on level 2 of the Dungeon.
You visited 1 branch of the dungeon, and saw 3 of its levels.

You collected 194 gold pieces.

Inventory:

Hand Weapons
 a - a +0 long sword (weapon)
 j - a +0 short sword
Armour
 b - a +0 scale mail (worn)
 c - a +0 buckler (worn)
Jewellery
 l - an amulet of guardian spirit
Scrolls
 f - 2 scrolls of teleportation {unknown}
 g - 2 scrolls of identify {unknown}
 h - 2 scrolls of noise {unknown}
Potions
 e - 2 potions of mutation
 i - a potion of resistance {unknown}
 k - a potion of ambrosia {unknown}
 m - a potion of cancellation {unknown}


   Skills:
 + Level 3.8 Fighting
 + Level 3.0 Long Blades
 + Level 3.9 Armour
 + Level 3.9 Shields


You had 4 spell levels left.
You didn't know any spells.
Your spell library contained the following spells:

 Spells                   Type           Power      Damage    Failure   Level
 Corpse Rot               Necr/Air       0%         N/A       94%         2
 Poisonous Vapours        Pois/Air       0%         N/A       94%         2


Dungeon Overview and Level Annotations

Branches:
Dungeon (3/15)

Altars:
Okawaru
Beogh


Innate Abilities, Weirdness & Mutations

You are covered in fur. (AC +1)
You expend magic power (3 MP) to strengthen your wands.


Message History

Beogh smites you!
The orc hits you with a +2 whip of electrocution.
You closely miss the orc priest.
The orc priest is severely wounded.
The orc hits you with a +2 whip of electrocution.
You are electrocuted!!
* * * LOW HITPOINT WARNING * * *
The orc priest looks encouraged for a moment.
You closely miss the orc priest.
The orc priest is severely wounded.
The orc hits you with a +2 whip of electrocution.
* * * LOW HITPOINT WARNING * * *
The orc priest hits you with a +0 trident.
* * * LOW HITPOINT WARNING * * *
You barely miss the orc priest.
The orc priest is severely wounded.
The orc barely misses you. The orc priest barely misses you.
You block the orc's attack. The orc priest closely misses you.
You slash the orc priest!
You kill the orc priest!
You block the orc's attack.
Your Long Blades skill increases to level 3!
The orc hits you with a +2 whip of electrocution.
* * * LOW HITPOINT WARNING * * *
Unknown command.
The orc throws a boomerang.
The boomerang barely misses you.
There is an escape hatch in the ceiling here.
The orc hits you with a +2 whip of electrocution.
* * * LOW HITPOINT WARNING * * *
The orc barely misses you. A mysterious force pulls you upwards.
The hatch slams shut behind you.
It was a potion of mutation.
You feel extremely strange. Fur sprouts all over your body.
You feel your magical essence link to the dungeon's wands.
You block the orc's attack. The orc hits you but does no damage.
You feel very mighty all of a sudden. You block the orc's attack. x2
You barely miss the orc.
The orc hits you with a +2 whip of electrocution!
You die...

...#.#.#####.# ######...##......
#..#.........# #...##......
#..#...^....###### #...##.#.##.
#.....#.#.#......#####.........#.
#.##........####....###........#.
#.##..#.#.#.# #....# ##.......#.
..##........####....# ##†..##.##
####..#.#.#.##.o....#####...#####
............##.o@................
##.....#...###...#.#######.......
#..(..#...##....#.######.......#
##........##.####........#.###.#
#.####...##.#############..##.#
#.....#'###....†......# #..##.#
#..##.#.# #..#.#.#....# #..##.# #
#..##.#.###......#....# #...#.# #
#...†....##..#.#.#....# ##..#.#


You could see 2 orcs.

Vanquished Creatures
  An orc priest (D:3)
  3 adders
  5 dart slugs
  5 orcs (D:3)
  3 ball pythons
  3 endoplasms
  5 giant cockroaches
  4 goblins (D:1)
  5 hobgoblins
  8 jackals
  4 quokkas
  5 bats
  A frilled lizard (D:1)
  7 kobolds
  9 rats
68 creatures vanquished.

Notes
Turn   | Place    | Note
-------+----------+-------------------------------------------
     0 | D:1      | seaoflcl the Human Fighter began the quest for the Orb.
     0 | D:1      | Reached XP level 1. HP: 18/18 MP: 1/1
   219 | D:1      | Reached XP level 2. HP: 24/24 MP: 2/2
   465 | D:1      | Reached XP level 3. HP: 29/29 MP: 3/3
  1153 | D:1      | Found a faded altar of an unknown god.
  1807 | D:2      | Reached XP level 4. HP: 35/35 MP: 4/4
  2205 | D:3      | Found an iron altar of Okawaru.
  2986 | D:3      | Reached XP level 5. HP: 27/41 MP: 5/5
  3576 | D:3      | HP: 2/42 [orc/+2 whip of electrocution (2)]
  3578 | D:2      | Gained mutation: You are covered in fur. (AC +1) [potion of
                  | mutation]
  3578 | D:2      | Gained mutation: You expend magic power (3 MP) to
                  | strengthen your wands. [potion of mutation]
  3580 | D:2      | Slain by an orc

Illustrated notes

Levels and vault maps discovered:
D:1:      scummos_arrival_star, layout_loops_corners,
          hellmonk_ecumenical_altar_defaced_shrine
D:2:      layout_basic, serial_glass, glass_columns_b, glass_columns_a,
          glass_columns_a, glass_columns_b, glass_columns_a, glass_columns_a,
          kennysheep_generic_room_14
D:3:      layout_loops_corners, mainiacjoe_overflow_small_starburst

Skill      XL: |  1  2  3  4  5 |
---------------+----------------+-----
Long Blades    | 3 |  3.0
Fighting       | |  3.8
Armour         | |  3.9
Shields        | |  3.9

Action                   |  1- 3 |  4- 6 || total
-------------------------+-------+-------++-------
Melee: Long sword        |   113 |   119 ||   232
  Use: Potion            |       |     2 ||     2
Armor: Scale mail        |    65 |    57 ||   122
Dodge: Dodged            |    52 |    68 ||   120
Block: Buckler           |    28 |    31 ||    59
